 Dungeon Crawl Stone Soup version 0.31.0-9-g3a7656b989 (webtiles) character file.

Game seed: 17227357968532075548

154 qw the Skirmisher (level 5, -2/29 HPs)
             Began as a Deep Elf Hunter on Feb 2, 2024.
             Slain by Sigmund
             ... wielding a +3 scythe of protection
              (9 damage)
             ... on level 3 of the Dungeon.
             The game lasted 00:00:07 (1746 turns).

qw the Skirmisher (Deep Elf Hunter)                 Turns: 1746, Time: 00:00:07

Health: -2/29      AC:  7    Str: 10    XL:     5   Next: 13%
Magic:  7/7        EV: 11    Int: 14    God:
Gold:   121        SH:  0    Dex: 18    Spells: 4/4 levels left

rFire   . . .        a - +0 shortbow
rCold   . . .        (shield currently unavailable)
rNeg    . . .        e - +2 ring mail
rPois   .            (no helmet)
rElec   .            (no cloak)
rCorr   .            (no gloves)
SInv    .            (no boots)
Will    .....        g - amulet of regeneration
Stlth   +            (no ring)
HPRegen 1.04/turn    (no ring)
MPRegen 0.10/turn

%: no passive effects
@: no status effects
A: no striking features
a: no special abilities


You were on level 3 of the Dungeon.
You visited 1 branch of the dungeon, and saw 3 of its levels.

You collected 121 gold pieces.


   Skills:
 - Level 1.5 Fighting
 + Level 8.5 Ranged Weapons
 - Level 2.4 Dodging
 - Level 1.2 Stealth


You had 4 spell levels left.
You didn't know any spells.
Your spell library was empty.

Inventory:

Hand Weapons
 a - a +0 shortbow (weapon)
Armour
 e - a +2 ring mail (worn)
Jewellery
 b - a ring of willpower
 g - an amulet of regeneration (around neck)
Scrolls
 d - a scroll of teleportation {unknown}
 f - a scroll of identify
Potions
 c - a potion of cancellation
 l - a potion of haste {unknown}

Dungeon Overview and Level Annotations

Branches:
Dungeon (3/15)

Altars:
Xom
Zin

Annotations:
D:3 Sigmund


Message History

Sigmund is heavily wounded.
You shoot an arrow. The arrow hits Sigmund.
Sigmund is heavily wounded.
Sigmund gestures at you while chanting. You resist with some effort.
You shoot an arrow. The arrow hits Sigmund.
Sigmund is severely wounded.
Sigmund points at you and mumbles some strange words.
You are confused.
Sigmund casts a spell at you. The magic dart hits you.
Sigmund hits you from afar with a +3 scythe of protection.
Sigmund barely misses you. Sigmund closely misses you.
You feel less confused. Sigmund closely misses you.
You shoot an arrow. The arrow hits Sigmund.
Sigmund is severely wounded.
Sigmund hits you but does no damage.
You shoot an arrow. The arrow closely misses Sigmund.
You shoot an arrow. The arrow closely misses Sigmund.
Sigmund mumbles some strange words.
Sigmund flickers and vanishes!
Deactivating autopickup; reactivate with Ctrl-A.
You shoot an arrow. Something hits you.
You shoot an arrow. Something hits you but does no damage.
You shoot an arrow.
You hear some strange, mumbled words.
Something tries to affect you, but you resist.
You shoot an arrow. Something hits you but does no damage.
You shoot an arrow. Something hits you.
You shoot an arrow. You shoot an arrow.
A magic dart appears from out of thin air!
The magic dart hits you. Something hits you!
You die...

....<..%)....#.###...# ###
#######.......###.#..# ##.#
#
#.#....###...#.#########..)
#
#.....#.#.................#
#
####.###.#...#.############
# #.# ##.#.##.# #.#
##.###.# #.#########..
#......@.#### #.######.#
#.# {# #.# .# #.# .# #.# .#
### .# .#


There were no monsters in sight!

Vanquished Creatures
  Jessica (D:3)
  Terence (D:3)
  An orc wizard (D:3)
  2 adders
  2 dart slugs
  A ribbon worm (D:3)
  4 orcs (D:3)
  3 endoplasms
  4 giant cockroaches
  5 goblins
  2 hobgoblins
  2 jackals (D:1)
  6 kobolds
  2 quokkas
  6 ball pythons
  4 bats
  3 frilled lizards
  5 rats
54 creatures vanquished.

Notes
Turn   | Place    | Note
-------+----------+-------------------------------------------
     0 | D:1      | qw the Deep Elf Hunter began the quest for the Orb.
     0 | D:1      | Reached XP level 1. HP: 12/12 MP: 3/3
     0 | D:1      | 0 ||| qw: Version: 0.3-a-155-g5e7d8dd
     0 | D:1      | 0 ||| qw: Game counter: 2187
     0 | D:1      | 0 ||| qw: Melee chars always use a shield: true
     0 | D:1      | 0 ||| qw: God list: Okawaru
     0 | D:1      | 0 ||| qw: Allow faded altars: false
     0 | D:1      | 0 ||| qw: Do Orc after clearing Dungeon:15 true
     0 | D:1      | 0 ||| qw: Do second Lair branch before Depths: true
     0 | D:1      | 0 ||| qw: Lair rune preference: random
     0 | D:1      | 0 ||| qw: Goals: Normal
     0 | D:1      | 0 ||| PLANNING D:1-11
   155 | D:1      | Reached skill level 6 in Ranged Weapons
   155 | D:1      | Reached XP level 2. HP: 16/16 MP: 4/4
   817 | D:1      | 817 ||| UPGRADING to +0 ring mail.
   827 | D:1      | 827 ||| DROPPING +0 leather armour.
   828 | D:1      | 828 ||| UPGRADING to amulet of regeneration.
   833 | D:1      | 833 ||| READING 3 scrolls labelled SATINKOBEU.
   833 | D:1      | 833 ||| IDENTIFYING scroll labelled ANKEC LASH
   834 | D:1      | 834 ||| DROPPING scroll of butterflies.
   835 | D:1      | 835 ||| DROPPING scroll of amnesia.
   871 | D:2      | Reached XP level 3. HP: 20/20 MP: 5/5
  1211 | D:2      | Reached skill level 7 in Ranged Weapons
  1387 | D:2      | 1387 ||| DROPPING ring of flight.
  1388 | D:2      | 1388 ||| READING 3 scrolls of identify.
  1388 | D:2      | 1388 ||| IDENTIFYING emerald potion
  1389 | D:2      | 1389 ||| READING 2 scrolls of identify.
  1389 | D:2      | 1389 ||| IDENTIFYING orange potion
  1390 | D:2      | 1390 ||| READING scroll of identify.
  1390 | D:2      | 1390 ||| IDENTIFYING fizzy blue potion
  1391 | D:2      | 1391 ||| READING 2 scrolls labelled NOEHAG PUUSS.
  1391 | D:2      | 1391 ||| ENCHANTING +0 ring mail.
  1392 | D:2      | 1392 ||| READING scroll of enchant armour.
  1392 | D:2      | 1392 ||| ENCHANTING +1 ring mail.
  1393 | D:2      | 1393 ||| READING scroll labelled COKLEEC CUMIN.
  1394 | D:2      | 1394 ||| DRINKING 2 sapphire potions.
  1395 | D:2      | 1395 ||| DROPPING potion of invisibility.
  1396 | D:2      | 1396 ||| DROPPING potion of lignification.
  1429 | D:3      | Noticed Terence
  1446 | D:3      | Killed Terence
  1447 | D:3      | Reached XP level 4. HP: 25/25 MP: 6/6
  1528 | D:3      | Found a glowing silver altar of Zin.
  1528 | D:3      | Noticed an angel
  1529 | D:3      | Found a shimmering altar of Xom.
  1597 | D:3      | 1597 ||| DRINKING potion of curing.
  1597 | D:3      | 1597 ||| (to cure confusion)
  1605 | D:3      | Reached skill level 8 in Ranged Weapons
  1667 | D:3      | Noticed Jessica
  1677 | D:3      | Killed Jessica
  1678 | D:3      | Reached XP level 5. HP: 27/29 MP: 7/7
  1714 | D:3      | Noticed Sigmund
  1725 | D:3      | HP: 7/29 [Sigmund/+3 scythe of protection (4)]
  1726 | D:3      | HP: 3/29 [Sigmund/magic dart (5)]
  1731 | D:3      | HP: 5/29 [Sigmund/magic dart (4)]
  1746 | D:3      | HP: 7/29 [something/magic dart (4)]
  1746 | D:3      | Slain by Sigmund

Levels and vault maps discovered:
D:1:      lemuel_arrival_broad_hall, layout_basic
D:2:      layout_basic
D:3:      cheibrodos_helix_gallery, layout_loops_ring,
          grunt_temple_overflow_order_and_chaos_1, nicolae_nh_oracle_at_delphi,
          uniq_robin, uniq_sigmund, uniq_terence, uniq_jessica

Skill      XL: |  1  2  3  4 |
---------------+-------------+-----
Ranged Weapons | 6 7 8 |  8.5
Fighting       | |  1.5
Dodging        | |  2.4
Stealth        | |  1.2

Action                     |  1- 3 |  4- 6 || total
---------------------------+-------+-------++-------
   Fire: Shortbow          |   108 |    75 ||   183
    Use: Scroll            |     7 |       ||     7
         Potion            |     1 |     1 ||     2
 Armour: Leather armour    |     2 |       ||     2
         Ring mail         |    13 |    42 ||    55
  Dodge: Dodged            |    21 |    16 ||    37

Table legend:
 A = Non-vault XP
 B = Vault XP
 C = Vault XP percentage of total XP
 D = Non-vault monster count
 E = Vault monster count
 F = Vault count percentage of total count
                 A         B        C        D         E       F
            +---------+---------+-------+---------+---------+-------
      Total |     147 |      73 |  33.2 |      52 |       2 |   3.7
            +---------+---------+-------+---------+---------+-------
        D:1 |      37 |       0 |   0.0 |      22 |       0 |   0.0
        D:2 |      40 |       0 |   0.0 |      19 |       0 |   0.0
        D:3 |      70 |      73 |  51.0 |      11 |       2 |  15.4
            +---------+---------+-------+---------+---------+-------
